 Dungeon Crawl Stone Soup version 0.23.2-1-ga50397a6bc (webtiles) character file.

Game seed: 59682714384460302

684 Nattfarinn the Stinger (level 7, -4/42 HPs)
             Began as an Octopode Venom Mage on May 28, 2019.
             Slain by Grinder (6 damage)
             ... while paralysed by Grinder
             ... on level 5 of the Dungeon.
             The game lasted 00:16:43 (6656 turns).

Nattfarinn the Stinger (Octopode Venom Mage)        Turns: 6656, Time: 00:16:44

Health: -4/42      AC:  1    Str:  7    XL:     7   Next: 62%
Magic:  19/19      EV:  2    Int: 20    God:
Gold:   151        SH:  0    Dex: 12    Spells: 5/10 levels left

rFire    . . .     SeeInvis .   s - +7 flail (distort)
rCold    . . .     Gourm    .   (no shield)
rNeg     . . .     Faith    .   (helmet restricted)
rPois    .         Spirit   .   (no amulet)
rElec    .         Reflect  .   p - ring of magical power
rCorr    .         Harm     .   (no ring)
MR       .....                  (no ring)
Stlth    ++++......             (no ring)
HPRegen  0.14/turn              (no ring)
MPRegen  0.16/turn              (no ring)
                                (no ring)
                                (no ring)

@: paralysed, lethally poisoned (-4 -> -5)
A: almost no armour, stealthy swim, amphibious, 8 rings, constrict 8, camouflage
1, gelatinous body 1
a: no special abilities


You were on level 5 of the Dungeon.
You were not hungry.

You visited 1 branch of the dungeon, and saw 5 of its levels.

You collected 151 gold pieces.

Inventory:

Hand Weapons
 c - a +0 short sword
 g - a +0 dagger
 m - a +0 blowgun
 s - a +7 flail of distortion (weapon)
Missiles
 k - 2 tomahawks (quivered)
 l - 17 arrows
 n - 14 poisoned needles
 x - 6 curare-tipped needles
Jewellery
 p - a ring of magical power (left tentacle)
Wands
 r - a wand of flame (5)
Scrolls
 a - a scroll of random uselessness {unknown}
 d - 8 scrolls of identify {unknown}
 e - 3 scrolls of amnesia {unknown}
 f - 4 scrolls of teleportation {unknown}
 h - 3 scrolls of enchant armour {unknown}
 i - 2 scrolls of enchant weapon {unknown}
 q - 3 scrolls of remove curse {unknown}
 v - a scroll of magic mapping {unknown}
 y - a scroll of fog {unknown}
 A - a scroll of immolation {unknown}
Potions
 j - 3 potions of haste
 o - a potion of brilliance {unknown}
 t - a potion of mutation {unknown}
 u - a potion of berserk rage {unknown}
 w - a potion of curing {unknown}
Comestibles
 b - 6 rations
 z - a chunk of flesh


   Skills:
 - Level 0.6 Fighting
 * Level 5.0 Dodging
 + Level 5.2 Stealth
 - Level 0.6 Unarmed Combat
 - Level 2.2 Spellcasting
 + Level 3.1 Conjurations
 * Level 6.4 Poison Magic


You had 5 spell levels left.
You knew the following spells:

 Your Spells              Type           Power        Failure   Level  Hunger
a - Sting                 Conj/Pois      ###.         2%          1    #......
b - Olgreb's Toxic Radia  Pois           ####....     11%         4    #####..

Your spell library contained the following spells:

 Spells                   Type           Power        Failure   Level  Hunger
 Poisonous Vapours        Pois/Air       ###...       6%          2    ##.....
 Mephitic Cloud           Conj/Pois/Air  ###.....     12%         3    ###....
 Venom Bolt               Conj/Pois      ###.......   52%         5    ######.


Dungeon Overview and Level Annotations

Branches:
Dungeon (5/15)
 Temple: D:4-7

Altars:
Ashenzari
Hepliaklqana
Okawaru
Qazlal
Xom

Annotations:
D:5 Grinder


Innate Abilities, Weirdness & Mutations

You cannot wear most types of armour.
You are very stealthy in the water. (Stealth+)
You are amphibious.
You can wear up to eight rings at the same time.
You can use your tentacles to constrict eight enemies at once.
Your skin changes colour to match your surroundings (Stealth+).
Your rubbery body absorbs attacks. (AC +1, EV +1)


Message History

Your squeeze misses Grinder.
Grinder is lightly wounded.
Grinder says, "Don't move a muscle."
Grinder gestures at you.
You suddenly lose the ability to move!
You feel sick. Grinder hits you!
You writhe in agony.
Grinder gestures at you. Pain shoots through your body!
* * * LOW HITPOINT WARNING * * *
Grinder hits you.
* * * LOW HITPOINT WARNING * * *
You writhe in agony.
* * * LOW HITPOINT WARNING * * *
Grinder hits you.
* * * LOW HITPOINT WARNING * * *
You writhe in agony.
* * * LOW HITPOINT WARNING * * *
* * * LOW HITPOINT WARNING * * *
You feel sick. Grinder hits you.
You die...

#(# #.# #.# #.##### #.#
#.....#
#.########.....#
#..............########
##########.............
#......#######.##
######.#........#
#@5........#
###........# #........#
#........# ##.##.....
#.# ..... #.# .... #..
....


You could see Grinder.

Vanquished Creatures
  Edmund (D:4)
  An ogre (D:5)
  A scorpion (D:4)
  A howler monkey (D:5)
  A hound (D:5)
  An orc priest (D:3)
  A bullfrog skeleton (D:4)
  An orc wizard (D:3)
  Terence (D:3)
  A worker ant (D:5)
  3 gnolls (D:4)
  7 adders
  5 worms
  3 dart slugs (D:1)
  2 leopard geckos (D:3)
  10 orcs
  13 giant cockroaches
  4 goblins
  9 hobgoblins
  11 jackals
  2 quokkas
  2 ball pythons (D:3)
  6 bats
  6 frilled lizards
  7 kobolds
  10 rats
110 creatures vanquished.

Vanquished Creatures (others)
  A fungus (D:1)
1 creature vanquished.

Grand Total: 111 creatures vanquished

Notes
Turn   | Place    | Note
-------+----------+-------------------------------------------
     0 | D:1      | Nattfarinn the Octopode Venom Mage began the quest for the
                  | Orb.
     0 | D:1      | Reached XP level 1. HP: 11/11 MP: 3/3
   337 | D:1      | Reached XP level 2. HP: 3/17 MP: 1/5
  1665 | D:1      | Reached XP level 3. HP: 21/22 MP: 6/6
  2480 | D:2      | Found an iron altar of Okawaru.
  2614 | D:2      | Reached skill level 4 in Poison Magic
  2741 | D:2      | Reached XP level 4. HP: 25/27 MP: 7/7
  2801 | D:2      | Found a faded altar of an unknown god.
  3994 | D:3      | Found a shimmering altar of Xom.
  3996 | D:3      | Found a hazy altar of Hepliaklqana.
  3996 | D:3      | Noticed a tentacled monstrosity
  3997 | D:3      | Noticed a tentacled monstrosity
  3997 | D:3      | Noticed a spectral ugly thing
  4179 | D:3      | Reached XP level 5. HP: 14/32 MP: 4/8
  4798 | D:3      | Noticed Terence
  4808 | D:3      | Killed Terence
  4808 | D:3      | Reached skill level 5 in Poison Magic
  4808 | D:3      | Reached XP level 6. HP: 28/37 MP: 9/9
  5060 | D:3      | Found a stormy altar of Qazlal.
  5291 | D:4      | Noticed Edmund
  5314 | D:4      | Killed Edmund
  5857 | D:4      | Reached XP level 7. HP: 41/42 MP: 10/10
  6097 | D:4      | Found a shattered altar of Ashenzari.
  6288 | D:5      | Entered Level 5 of the Dungeon
  6318 | D:5      | Learned a level 4 spell: Olgreb's Toxic Radiance
  6324 | D:5      | Reached skill level 5 in Stealth
  6324 | D:5      | Reached skill level 6 in Poison Magic
  6642 | D:5      | Noticed Grinder
  6649 | D:5      | Reached skill level 5 in Dodging
  6651 | D:5      | Paralysed by Grinder for 7 turns
  6656 | D:5      | HP: 2/42 [poisoned by an adder]
  6656 | D:5      | Slain by Grinder

Skill      XL: |  1  2  3  4  5  6  7 |
---------------+----------------------+-----
Stealth        | 3 4 5 |  5.2
Poison Magic   | 4 5 6 |  6.4
Dodging        | 3 4 5 |  5.0
Conjurations   | 2 3 |  3.1
Fighting       | |  0.6
Unarmed Combat | |  0.6
Spellcasting   | |  2.2

Action                   |  1- 3 |  4- 6 |  7- 9 || total
-------------------------+-------+-------+-------++-------
Melee: Unarmed           |    44 |       |       ||    44
       Constrict         |    24 |    36 |    10 ||    70
       Tentacles         |    19 |    28 |       ||    47
       Short sword       |    36 |       |       ||    36
       Dagger            |    31 |   128 |       ||   159
       Flail             |       |    11 |    45 ||    56
 Cast: Sting             |     7 |    17 |     4 ||    28
  Use: Potion            |       |     2 |       ||     2
 Stab: Sleeping          |     7 |    16 |     2 ||    25
  Eat: Chunk             |     6 |     6 |     3 ||    15
       Ration            |       |     1 |       ||     1
Armor: Skin              |     5 |    12 |     5 ||    22
Dodge: Dodged            |    58 |    87 |    35 ||   180
